 Dungeon Crawl Stone Soup version 0.27-a0-1147-gb3d8e82157 (webtiles) character file.

Game seed: 10877714058177859109

105 freelancePsychic the Covered (level 4, 0/34 HPs)
             Began as a Gnoll Wanderer on May 11, 2021.
             Slain by an orc
             ... wielding a +0 mace
              (2 damage)
             ... on level 3 of the Dungeon.
             The game lasted 00:03:51 (3081 turns).

freelancePsychic the Covered (Gnoll Wanderer)       Turns: 3081, Time: 00:03:52

Health: 0/34       AC: 13    Str: 11    XL:     4   Next: 81%
Magic:  8/8        EV:  5    Int: 13    God:
Gold:   79         SH:  4    Dex: 11    Spells: 8/9 levels left

rFire    . . .     SeeInvis .   a - +3 dagger
rCold    . . .     Faith    .   j - +1 buckler {AC+3}
rNeg     . . .     Spirit   .   p - +0 chain mail
rPois    .         Reflect  .   (no helmet)
rElec    .         Harm     .   (no cloak)
rCorr    .         Rampage  .   (no gloves)
Will     .....                  (no boots)
Stlth    ..........             (no amulet)
HPRegen  0.11/turn              (no ring)
MPRegen  0.11/turn              (no ring)

@: no status effects
A: fangs 1, strong nose, distributed training
a: no special abilities


You were on level 3 of the Dungeon.
You visited 1 branch of the dungeon, and saw 3 of its levels.

You collected 79 gold pieces.

Inventory:

Hand Weapons
 a - a +3 dagger (weapon)
 d - a +0 hand axe
 f - a +0 war axe
Missiles
 g - 32 arrows
 m - 8 javelins
 o - 2 curare-tipped darts (quivered)
Armour
 e - a +0 robe
 j - a +1 buckler of protection (worn)
 p - a +0 chain mail (worn)
Scrolls
 b - a scroll of teleportation {@r4}
 i - a scroll of holy word
 l - a scroll of noise
Potions
 c - 2 potions of curing {unknown}
 h - 2 potions of might {unknown}
 k - a potion of attraction {unknown}
 n - a potion of brilliance {unknown}


   Skills:
 + Level 2.8 Fighting
 + Level 1.2 Short Blades
 + Level 1.2 Long Blades
 + Level 2.8 Axes
 + Level 1.2 Maces & Flails
 + Level 1.2 Polearms
 + Level 1.2 Staves
 + Level 1.2 Slings
 + Level 1.2 Bows
 + Level 1.2 Crossbows
 + Level 2.8 Throwing
 + Level 6.6 Armour
 + Level 1.2 Dodging
 + Level 1.2 Stealth
 + Level 1.2 Shields
 + Level 1.2 Unarmed Combat
 + Level 3.0 Spellcasting
 + Level 3.9 Conjurations
 + Level 1.0 Hexes
 + Level 1.0 Summonings
 + Level 1.0 Necromancy
 + Level 1.0 Translocations
 + Level 1.0 Transmutations
 + Level 1.0 Fire Magic
 + Level 1.0 Ice Magic
 + Level 1.0 Air Magic
 + Level 1.0 Earth Magic
 + Level 1.0 Poison Magic
 + Level 1.4 Invocations
 + Level 2.8 Evocations


You had 8 spell levels left.
You knew the following spells:

 Your Spells              Type           Power      Damage    Failure   Level
a - Sandblast             Erth           8%         2d5       100%        1

Your spell library contained the following spells:

 Spells                   Type           Power      Damage    Failure   Level
 Stone Arrow              Conj/Erth      16%        3d8       100%        3


Dungeon Overview and Level Annotations

Branches:
Dungeon (3/15)

Altars:
Ru


Innate Abilities, Weirdness & Mutations

You have very sharp teeth.
Your uncanny sense of smell can sniff out nearby items.
Your experience applies equally to all skills.


Message History

Things that are here:
a +0 falchion; an orc corpse The orc priest hits you with a +0 hand axe.
You hit the orc priest.
The orc priest is moderately wounded.
The orc hits you with a +0 mace.
The orc priest looks satisfied for a moment.
You hit the orc priest but do no damage.
The orc priest is moderately wounded.
You closely miss the orc.
The orc is moderately wounded.
The orc priest barely misses you.
You hit the orc priest. Your bite misses the orc priest.
The orc priest is heavily wounded.
The orc hits you but does no damage. The orc priest closely misses you.
The orc hits you but does no damage.
You hit the orc priest.
The orc priest is severely wounded.
You block the orc priest's attack. The orc hits you but does no damage.
You barely miss the orc priest.
The orc priest is severely wounded.
The orc priest calls upon Beogh to heal the orc.
The orc's wounds heal themselves!
The orc hits you but does no damage.
You closely miss the orc priest.
The orc priest is severely wounded.
You block the orc priest's attack. The orc hits you but does no damage.
You hit the orc priest.
The orc priest is severely wounded.
The orc priest hits you with a +0 hand axe.
The orc hits you but does no damage.
You hit the orc priest but do no damage.
The orc priest is severely wounded.
You block the orc priest's attack. The orc completely misses you.
You hit the orc priest but do no damage.
The orc priest is severely wounded.
The orc priest mumbles some strange prayers to Beogh against you.
Beogh smites you!
* * * LOW HITPOINT WARNING * * *
The orc hits you with a +0 mace.
You die...

##. ####.......# ..
..##.......# #.
#.##.......#
#.##.##.#####.### #
#..#.##.##......#
#.##.#.##.......#.#
#...Jo..........#.#
####oo.....#.##.#.#
# #@##.#..#.##.#.#
#
#....#.........###
#
#.####...#.#......
############ #.#
##....#######
÷.....÷....#
#.......#.## #####
##########.#
###########.##
#...# # ##.###...#
#...# #....
#........# #...#
#...#
#########..###...#
#...# ##.##


You could see an orc priest, 2 orcs and an endoplasm.

Vanquished Creatures
  Jessica (D:2)
  3 adders (D:3)
  A worm (D:2)
  4 orcs (D:3)
  A ball python (D:1)
  6 endoplasms
  5 giant cockroaches
  5 hobgoblins
  2 jackals (D:2)
  2 kobolds
  3 quokkas
  2 bats
  3 frilled lizards
  2 goblins
  2 rats (D:1)
42 creatures vanquished.

Notes
Turn   | Place    | Note
-------+----------+-------------------------------------------
     0 | D:1      | freelancePsychic the Gnoll Wanderer began the quest for the
                  | Orb.
     0 | D:1      | freelancePsychic set off with the following items: a +2
                  | dagger, 2 curare-tipped darts, a +0 hand axe, a +0 robe;
                  | and the following spell memorised: Sandblast; and the
                  | following spells available to memorise: Stone Arrow
     0 | D:1      | Reached XP level 1. HP: 17/17 MP: 4/4
   500 | D:1      | Reached XP level 2. HP: 13/23 MP: 5/5
  1514 | D:2      | Reached XP level 3. HP: 21/28 MP: 7/7
  1921 | D:2      | Found a sacrificial altar of Ru.
  1972 | D:2      | Noticed Jessica
  1978 | D:2      | Killed Jessica
  1979 | D:2      | Reached skill level 1 in Short Blades
  1979 | D:2      | Reached skill level 1 in Long Blades
  1979 | D:2      | Reached skill level 1 in Maces & Flails
  1979 | D:2      | Reached skill level 1 in Polearms
  1979 | D:2      | Reached skill level 1 in Staves
  1979 | D:2      | Reached skill level 1 in Slings
  1979 | D:2      | Reached skill level 1 in Bows
  1979 | D:2      | Reached skill level 1 in Crossbows
  1979 | D:2      | Reached skill level 1 in Dodging
  1979 | D:2      | Reached skill level 1 in Stealth
  1979 | D:2      | Reached skill level 1 in Shields
  1979 | D:2      | Reached skill level 1 in Unarmed Combat
  1979 | D:2      | Reached skill level 1 in Invocations
  2138 | D:3      | Reached XP level 4. HP: 34/34 MP: 8/8
  2495 | D:3      | Reached skill level 1 in Hexes
  2495 | D:3      | Reached skill level 1 in Summonings
  2495 | D:3      | Reached skill level 1 in Necromancy
  2495 | D:3      | Reached skill level 1 in Translocations
  2495 | D:3      | Reached skill level 1 in Transmutations
  2495 | D:3      | Reached skill level 1 in Fire Magic
  2495 | D:3      | Reached skill level 1 in Ice Magic
  2495 | D:3      | Reached skill level 1 in Air Magic
  2495 | D:3      | Reached skill level 1 in Earth Magic
  2495 | D:3      | Reached skill level 1 in Poison Magic
  3081 | D:3      | Slain by an orc

Illustrated notes

Levels and vault maps discovered:
D:1:      matt_arrival_los_fun, layout_loops_corners, bh_walls_and_bars
D:2:      layout_rooms, basic_altar, uniq_jessica
D:3:      layout_loops_cross

Skill      XL: |  1  2  3  4 |
---------------+-------------+-----
Short Blades   | 1 |  1.2
Long Blades    | 1 |  1.2
Maces & Flails | 1 |  1.2
Polearms       | 1 |  1.2
Staves         | 1 |  1.2
Slings         | 1 |  1.2
Bows           | 1 |  1.2
Crossbows      | 1 |  1.2
Dodging        | 1 |  1.2
Stealth        | 1 |  1.2
Shields        | 1 |  1.2
Unarmed Combat | 1 |  1.2
Invocations    | 1 |  1.4
Spellcasting   | 3 |  3.0
Hexes          | 1 |  1.0
Summonings     | 1 |  1.0
Necromancy     | 1 |  1.0
Translocations | 1 |  1.0
Transmutations | 1 |  1.0
Fire Magic     | 1 |  1.0
Ice Magic      | 1 |  1.0
Air Magic      | 1 |  1.0
Earth Magic    | 1 |  1.0
Poison Magic   | 1 |  1.0
Fighting       | |  2.8
Axes           | |  2.8
Throwing       | |  2.8
Armour         | |  6.6
Conjurations   | |  3.9
Evocations     | |  2.8

Action                   |  1- 3 |  4- 6 || total
-------------------------+-------+-------++-------
Melee: Dagger            |    88 |    85 ||   173
       Bite              |     5 |     8 ||    13
Throw: Dart              |     2 |       ||     2
       Javelin           |     2 |       ||     2
  Use: Scroll            |     6 |     4 ||    10
Armor: Robe              |    14 |       ||    14
       Chain mail        |       |    52 ||    52
Dodge: Dodged            |    59 |    20 ||    79
Block: Buckler           |     6 |    15 ||    21

Table legend: (Time is in decaauts)
 A = Elapsed time spent in this place.
 B = Non-inter-level travel time spent in this place.
 C = Inter-level travel time spent in this place.
 D = Time resting spent in this place.
 E = Time spent auto-exploring this place.
 F = Levels seen in this place.
 G = Mean time per level.
                   A        B        C        D        E       F      G
               +--------+--------+--------+--------+--------+-----+--------+
         Total |   3091 |   3034 |     57 |      0 |   2642 |   3 | 1030.3 |
       Dungeon |   3091 |   3034 |     57 |      0 |   2642 |   3 | 1030.3 |
               +--------+--------+--------+--------+--------+-----+--------+

Top non-repeatable levels by time:
     D:1: 1246 daAuts
     D:3: 946 daAuts
     D:2: 899 daAuts
